 Dungeon Crawl Stone Soup version 0.29-a0-418-gc0181ea820 (console) character file.

Game seed: 5126523422726807782

53 om the Stinger (level 3, -1/23 (24) HPs)
             Began as a Merfolk Venom Mage on May 17, 2022.
             Killed by divine providence
             ... invoked by an orc priest
              (17 damage)
             ... on level 2 of the Dungeon.
             The game lasted 00:05:37 (3488 turns).

om the Stinger (Merfolk Venom Mage)                 Turns: 3488, Time: 00:05:38

HP:   -1/23 (24)    AC:  4    Str: 10    XL:     3   Next: 89%
MP:   1/6           EV: 12    Int: 14    God:
Gold: 101           SH:  5    Dex: 14    Spells: 3/6 levels left

rFire   . . .      SeeInvis .   l - +1 spear
rCold   . . .      Faith    .   (no shield)
rNeg    . . .      Spirit   .   g - +0 leather armour
rPois   .          Reflect  +   n - +0 helmet
rElec   .          Harm     .   (no cloak)
rCorr   .          Rampage  .   (no gloves)
Will    .....                   (no boots)
Stlth   ++........              f - amulet of reflection
HPRegen 0.07/turn               (no ring)
MPRegen 0.10/turn               (no ring)

@: lightly drained
A: (nimble swimmer 2), mertail
a: no special abilities


You were on level 2 of the Dungeon.
You visited 1 branch of the dungeon, and saw 2 of its levels.

You collected 101 gold pieces.

Inventory:

Hand Weapons
 l - a +1 spear (weapon)
Armour
 g - a +0 leather armour (worn)
 n - a +0 helmet (worn)
Jewellery
 f - an amulet of reflection (around neck)
Scrolls
 h - a scroll of teleportation
 j - a scroll of acquirement
Potions
 b - a potion of magic
 c - a potion of berserk rage {unknown}
 d - a potion of degeneration {unknown}
 e - a potion of curing


   Skills:
 + Level 3.3 Dodging
 + Level 2.8 Stealth
 * Level 2.4 Spellcasting
 - Level 2.0 Transmutations
 * Level 4.0 Poison Magic


You had 3 spell levels left.
You knew the following spells:

 Your Spells              Type           Power      Damage    Failure   Level
a - Sting                 Tmut/Pois      40%        1d5       9%          1
b - Poisonous Vapours     Pois/Air       14%        N/A       21%         2

Your spell library contained the following spells:

 Spells                   Type           Power      Damage    Failure   Level
 Shock                    Conj/Air       4%         1d3       30%         1
 Mephitic Cloud           Conj/Pois/Air  5%         N/A       47%         3
 Swiftness                Air            1%         N/A       67%         3
 Olgreb's Toxic Radiance  Pois           13%        N/A       52%         4
 Airstrike                Air            0%         N/A       97%         4


Dungeon Overview and Level Annotations

Branches:
Dungeon (2/15)

Altars:


Innate Abilities, Weirdness & Mutations

((You are very nimble when in or above water. (Stealth+, EV+, Speed+++)))
Your lower body shifts to a powerful aquatic tail in water.


Message History

The orc priest is poisoned.
Casting: Poisonous Vapours (safe; 21% risk of failure)
Confirm with . or Enter, or press ? or * to list all spells.
Aiming: Poisonous Vapours (safe; 21% risk of failure)
Press: ? - help, Dir - move target, f/p - orc priest
Aim: an orc priest, wielding a +0 short sword of draining and wearing a +0 leather armour (lightly wounded, poisoned) Poisonous vapours surround the orc priest!
The orc priest looks even sicker.
The orc priest invokes the aid of Beogh against you.
You barely resist.
The orc priest looks braver for a moment.
There is an open gate here.
An orc priest is nearby!
There's a thick-headed creature in the gateway!
You close the gate, pushing everything out of the way.
You start resting.
An orc priest opens the gate.
It is wielding a +0 short sword of draining.
Aiming: Sting (safe; 9% risk of failure)
Press: ? - help, Q - select action, (/) - cycle Shift-Dir - straight line, f/p - orc priest
Aim: an orc priest, wielding a +0 short sword of draining and wearing a +0 leather armour (severely wounded, poisoned, 71% to hit)
The sting hits the orc priest but does no damage.
The orc priest looks even sicker.
The orc priest is severely wounded.
Aiming: Sting (safe; 9% risk of failure)
Press: ? - help, Q - select action, (/) - cycle Shift-Dir - straight line, f/p - orc priest
Aim: an orc priest, wielding a +0 short sword of draining and wearing a +0 leather armour (severely wounded, very poisoned, 71% to hit)
The sting hits the orc priest but does no damage.
The orc priest looks even sicker.
The orc priest is severely wounded.
The orc priest hits you with a +0 short sword of draining.
You feel drained.
You completely miss the orc priest.
The orc priest is severely wounded.
You block the orc priest's attack.
You barely miss the orc priest.
The orc priest is severely wounded.
The orc priest invokes the aid of Beogh against you.
Beogh smites you!
Ouch! That really hurt!
You die...

##.. #...
#....
##...♣
##...♣
#...♣
##$.♣
###...♣
#@o...♣
#('...#
#)'...♣
#.#...♣
#.##..♣
#.##...♣
#.###...♣
. #.#
#...♣ #.#
#...


You could see an orc priest (very poisoned).

Vanquished Creatures
  An adder (D:2)
  A dart slug (D:2)
  3 orcs (D:2)
  A bat (D:1)
  5 endoplasms
  A giant cockroach (D:2)
  3 goblins
  6 hobgoblins
  4 jackals (D:1)
  2 ball pythons (D:2)
  3 frilled lizards
  2 kobolds
  3 rats (D:1)
35 creatures vanquished.

Notes
Turn   | Place    | Note
-------+----------+-------------------------------------------
     0 | D:1      | om the Merfolk Venom Mage began the quest for the Orb.
     0 | D:1      | Reached XP level 1. HP: 13/13 MP: 3/3
   500 | D:1      | Reached XP level 2. HP: 11/19 MP: 3/5
  2181 | D:2      | Reached XP level 3. HP: 24/24 MP: 4/6
  2758 | D:2      | Learned a level 2 spell: Poisonous Vapours
  2918 | D:2      | Reached skill level 4 in Poison Magic
  3017 | D:2      | Found a faded altar of an unknown god.
  3202 | D:2      | Identified a scroll of acquirement
  3488 | D:2      | Killed from afar by an orc priest

Illustrated notes

Levels and vault maps discovered:
D:1:      dpeg_arrival_lava_temple_mockup, layout_basic,
          minmay_misc_feat_nine_boxes
D:2:      layout_loops_ring, ebering_ecumenical_altar_petrified,
          kennysheep_donut

Skill      XL: |  1  2  3 |
---------------+----------+-----
Dodging        | 3 |  3.3
Transmutations | 2 |  2.0
Poison Magic   | 4 |  4.0
Stealth        | |  2.8
Spellcasting   | |  2.4

Action                   || total
-------------------------++-------
Melee: Unarmed           ||     6
       Whip              ||    29
       Spear             ||    17
 Cast: Sting             ||    33
       Poisonous Vapours ||    11
  Use: Scroll            ||     6
 Stab: Sleeping          ||     2
Armor: Robe              ||     6
       Leather armour    ||    12
Dodge: Dodged            ||    45
Block: Other             ||    17
       Reflection        ||     1

Table legend: (Time is in decaauts)
 A = Elapsed time spent in this place.
 B = Non-inter-level travel time spent in this place.
 C = Inter-level travel time spent in this place.
 D = Time resting spent in this place.
 E = Time spent auto-exploring this place.
 F = Levels seen in this place.
 G = Mean time per level.
                   A        B        C        D        E       F      G
               +--------+--------+--------+--------+--------+-----+--------+
         Total |   3491 |   3447 |     44 |   1935 |   1106 |   2 | 1745.5 |
       Dungeon |   3491 |   3447 |     44 |   1935 |   1106 |   2 | 1745.5 |
               +--------+--------+--------+--------+--------+-----+--------+

Top non-repeatable levels by time:
     D:1: 2016 daAuts
     D:2: 1475 daAuts
